 Dungeon Crawl Stone Soup version 0.29.1-15-g9cfb28693d (webtiles) character file.

Game seed: 1646262991302200767

60 ThatPearl the Digger (level 3, -4/28 HPs)
             Began as a Demigod Earth Elementalist on Mar 17, 2023.
             Killed from afar by an orc wizard (5 damage)
             ... with a magic dart
             ... on level 4 of the Dungeon.
             The game lasted 00:02:24 (1298 turns).

ThatPearl the Digger (Demigod Earth Elementalist)   Turns: 1298, Time: 00:02:25

Health: -4/28      AC:  2    Str:  9    XL:     3   Next: 55%
Magic:  0/9        EV: 12    Int: 21    God:
Gold:   59         SH:  0    Dex: 14    Spells: 3/6 levels left

rFire   . . .      SeeInvis .   n - +0 dagger (venom)
rCold   . . .      Faith    .   (no shield)
rNeg    . . .      Spirit   .   a - +0 robe
rPois   .          Reflect  .   (no helmet)
rElec   .          Harm     .   (no cloak)
rCorr   .          Rampage  .   (no gloves)
Will    +....                   (no boots)
Stlth   ++........              (no amulet)
HPRegen 0.09/turn               f - ring of willpower
MPRegen 0.11/turn               (no ring)

@: no status effects
A: high MP 1, forlorn, divine attributes
a: no special abilities


You were on level 4 of the Dungeon.
You visited 1 branch of the dungeon, and saw 3 of its levels.

You collected 59 gold pieces.

Inventory:

Hand Weapons
 n - a +0 dagger of venom (weapon)
Missiles
 e - 5 stones
Armour
 a - a +0 robe (worn)
 i - a +0 buckler
Jewellery
 f - a ring of willpower (left hand)
Scrolls
 c - a scroll of butterflies {unknown}
 d - a scroll of immolation {unknown}
 g - a scroll of teleportation {unknown}
 h - a scroll of identify {unknown}
 j - 2 scrolls of vulnerability {unknown}
 k - a scroll of enchant weapon {unknown}
 p - a scroll of magic mapping {unknown}
Potions
 b - a potion of magic
 l - a potion of attraction {unknown}
 m - a potion of lignification {unknown}
 o - a potion of ambrosia {unknown}


   Skills:
 + Level 1.5 Fighting
 - Level 1.7 Dodging
 - Level 1.7 Stealth
 + Level 0.8 Shields
 + Level 2.4 Spellcasting
 - Level 0.8 Transmutations
 + Level 3.2 Earth Magic


You had 3 spell levels left.
You knew the following spells:

 Your Spells              Type           Power      Damage    Failure   Level
s - Sandblast             Erth           32%        2d9       3%          1
w - Passwall              Tmut/Erth      9%         N/A       10%         2

Your spell library contained the following spells:

 Spells                   Type           Power      Damage    Failure   Level
 Stone Arrow              Conj/Erth      18%        3d8       22%         3
 Petrify                  Tmut/Erth      11%        N/A       52%         4


Dungeon Overview and Level Annotations

Branches:
Dungeon (2/15)

Annotations:
D:4 Natasha


Innate Abilities, Weirdness & Mutations

You have an increased reservoir of magic. (+10% MP)
You shall have no god before yourself.
Your divine heritage dramatically boosts your attributes as you level up.


Message History

The orc wizard barely misses you. Something hits you.
Aiming: Sandblast (safe; 5% risk of failure)
Press: ? - help, Q - select action, (/) - cycle Shift-Dir - straight line, f/p - orc
Aim: an orc, wielding a +0 dagger (82% to hit)
The blast of sand hits the orc wizard!
The orc wizard is almost dead.
Something hits you. The orc wizard barely misses you.
Aiming: Sandblast (safe; 5% risk of failure)
Press: ? - help, Q - select action, (/) - cycle Shift-Dir - straight line, p - orc The blast of sand hits the orc wizard!
You kill the orc wizard!
Something hits you. x2
* * * LOW HITPOINT WARNING * * *
The orc closely misses you.
You have reached level 3!
Your experience leads to a dramatic increase in your attributes!
Increase (S)trength, (I)ntelligence, or (D)exterity?
You feel clever. x4
Unknown command.
Aiming: Sandblast (safe; 3% risk of failure)
Press: ? - help, Q - select action, (/) - cycle Shift-Dir - straight line The blast of sand hits the orc!
You kill the orc!
You hear some strange, mumbled words.
A magic dart appears from out of thin air!
The magic dart hits you.
* * * LOW HITPOINT WARNING * * *
You hear some strange, mumbled words.
Something tries to affect you, but you resist.
Items here: )) [ †.
You miss something. Something hits you.
* * * LOW HITPOINT WARNING * * *
You miss something.
You hear some strange, mumbled words.
Something tries to affect you, but you resist.
You closely miss something.
You hear some strange, mumbled words.
A magic dart appears from out of thin air!
The magic dart hits you.
You die...

oo...###
#.##
o#.#.....
#.# #...
#####.#
#...##.....#
#....#.....#
#..........#
#####......#
####...†###
#..@{####
#.##)### ..
#...# ...
###.# ... .#
#. # #


There were no monsters in sight!

Vanquished Creatures
  An orc wizard (D:4)
  A dart slug (D:1)
  2 orcs (D:4)
  An endoplasm (D:1)
  A giant cockroach (D:4)
  A goblin (D:1)
  2 hobgoblins (D:1)
  4 jackals (D:1)
  2 kobolds (D:1)
  2 quokkas (D:1)
  2 ball pythons
  4 bats (D:1)
  2 frilled lizards (D:1)
  2 rats (D:1)
27 creatures vanquished.

Notes
Turn   | Place    | Note
-------+----------+-------------------------------------------
     0 | D:1      | ThatPearl the Demigod Earth Elementalist began the quest
                  | for the Orb.
     0 | D:1      | Reached XP level 1. HP: 14/14 MP: 5/5
   303 | D:1      | Reached XP level 2. HP: 22/22 MP: 4/7
   384 | D:1      | Learned a level 2 spell: Passwall
   431 | D:1      | Reached skill level 1 in Fighting
   431 | D:1      | Reached skill level 3 in Earth Magic
  1210 | D:2      | You fall into a shaft and drop 2 floors!
  1230 | D:4      | Noticed Natasha
  1294 | D:4      | Reached XP level 3. HP: 6/28 MP: 1/9
  1296 | D:4      | HP: 1/28 [something (1)]
  1298 | D:4      | Killed from afar by an orc wizard

Illustrated notes

Levels and vault maps discovered:
D:1:      psy_arrival_statuary, layout_loops_cross,
          dilly_ecumenical_altar_fadedgnrine
D:2:      layout_basic
D:4:      layout_rooms, uniq_natasha, uniq_blork_the_orc

Skill      XL: |  1  2 |
---------------+-------+-----
Spellcasting   | 2 |  2.4
Fighting       | 1 |  1.5
Earth Magic    | 3 |  3.2
Dodging        | |  1.7
Stealth        | |  1.7
Shields        | |  0.8
Transmutations | |  0.8

Action                   || total
-------------------------++-------
Melee: Unarmed           ||     2
       Dagger            ||    14
 Cast: Sandblast         ||    40
Armor: Robe              ||     6
Dodge: Dodged            ||    22
